 Dungeon Sprint DCSS version 0.17-a0-2215-g49c1de0 (webtiles) character file.

120 kosy22 the Ducker (level 4, -9/49 HPs)
             Began as a Troll Fighter on Oct 27, 2015.
             Was a High Priest of Jiyva.
             Mangled by a hill giant
             ... wielding a +0 giant club
              (38 damage)
             ... in the Dungeon (Sprint IX: "|||||||||||||||||||||||||||||").
             The game lasted 00:01:28 (231 turns).

kosy22 the Ducker (Troll Fighter)                    Turns: 231, Time: 00:01:28

Health: -9/49      AC:  6    Str: 28    XL:     4   Next: 75%
Magic:  3/3        EV:  9    Int:  7    God:    Jiyva [*****.]
Gold:   0          SH:  9    Dex:  9    Spells: 0 memorised, 3 levels left

rFire  . . .     SeeInvis .     o - +3 war axe (chop)
rCold  . . .     Clarity  .     a - +0 robe
rNeg   . . .     SustAt   .     b - +0 shield
rPois  .         Gourm    +     (helmet restricted)
rElec  +         Spirit   .     p - +0 cloak
rCorr  +         Warding  .     (gloves unavailable)
rMut   .         NoTele   +     (boots unavailable)
MR     .....                    (no amulet)
Stlth  +.........               q - +3 ring of intelligence
                                r - +3 ring of strength

@: not resistant to hostile enchantments, very unstealthy
A: unfitting armour, claws 3, fast metabolism 3, gourmand, regeneration 2,
shaggy fur 1, electricity resistance, tough skin 2
a: Request Jelly, Jelly Paralyse, Slimify, Cure Bad Mutation, Renounce Religion


You were in the Dungeon.
You worshipped Jiyva.
Jiyva was extremely pleased with you.
You were not hungry.

You visited 1 branch

Inventory:

Hand Weapons
 o - a +3 war axe of chopping (weapon)
Armour
 a - a +0 robe (worn)
 b - a +0 shield (worn)
 p - a +0 cloak (worn)
Jewellery
 q - a +3 ring of intelligence (right claw)
 r - a +3 ring of strength (left claw)
Wands
 n - a wand of fire (7)
Scrolls
 j - 2 scrolls of blinking
 l - 3 scrolls of remove curse
 m - 2 scrolls of amnesia
Potions
 c - a potion of might
 e - a potion of invisibility
 f - 2 potions of heal wounds
 g - a potion of haste
 h - 4 potions of magic
 i - a potion of berserk rage
 k - 4 potions of curing
Comestibles
 d - 2 bread rations


   Skills:
 + Level 4.6 Fighting
 + Level 5.5 Dodging
 + Level 4.0 Shields
 + Level 4.2 Unarmed Combat


You had 3 spell levels left.
You didn't know any spells.

Dungeon Overview and Level Annotations

Branches:
Dungeon (1/1)

Altars:
Cheibriados
Dithmenos
Elyvilon
Fedhas
Gozag
Kikubaaqudgha
Makhleb
Nemelex Xobeh
Okawaru
Qazlal
Ru
Sif Muna
Trog
Vehumet
Xom
Yredelemnul
Zin
The Shining One
Beogh
Jiyva
Lugonu


Innate Abilities, Weirdness & Mutations

You are too large for most types of armour.
You have claws for hands.
Your metabolism is lightning-fast.
You like to eat raw meat.
You heal very quickly.
You are covered in fur (AC +1).
You have very tough skin (AC +2).
You are resistant to electric shocks.


Message History

The hill giant hits the jelly with a giant club.
The hill giant is burned by acid!
The jelly hits the hill giant.
The hill giant is splashed with acid.
The jelly hits the hill giant.
The hill giant is splashed with acid.
The hill giant hits the jelly with a giant club!!
The jelly dies!
There is an open door here.
You don't have enough magic capacity.
A sky beast appears from thin air!
Reactivating autopickup.
There is an open door here.
There is a sacrificial altar of Ru here.
You barely miss the hill giant.
The hill giant is moderately wounded.
The hill giant closely misses you.
You barely miss the hill giant.
The hill giant is moderately wounded.
The hill giant hits you with a giant club!!!
Ouch! That really hurt!
You die...

▓[▓
▓[▓
▓c▓
▓Y▓
▓S▓
▓z▓
▓c▓
▓C▓
▓@▓
▓_▓
▓_▓
▓_▓
▓_▓
▓_▓
▓_▓
▓_▓
▓_▓


You could see a hill giant, a water moccasin, a sky beast, 2 centaurs and a
wight.

Vanquished Creatures
  A centaur (D)
  An orc wizard (D)
  A shadow imp (D)
  A giant cockroach (D)
  A hobgoblin (D)
  A jackal (D)
  A giant cockroach zombie (D)
  A giant newt (D)
  2 goblins (D)
10 creatures vanquished.

Vanquished Creatures (others)
  2 jellies (D)
2 creatures vanquished.

Grand Total: 12 creatures vanquished

Notes
Turn   | Place    | Note
--------------------------------------------------------------
     0 | D        | kosy22 the Troll Fighter began the quest for the Orb.
     0 | D        | Reached XP level 1. HP: 22/22 MP: 0/0
    21 | D        | Reached skill level 3 in Dodging
    33 | D        | Noticed a centaur
    33 | D        | Noticed an orc wizard
    41 | D        | Reached XP level 2. HP: 21/31 MP: 1/1
    63 | D        | Killed an orc wizard
    63 | D        | Reached skill level 4 in Dodging
    63 | D        | Reached XP level 3. HP: 20/39 MP: 2/2
    82 | D        | Killed a centaur
    82 | D        | Reached skill level 5 in Dodging
    82 | D        | Reached XP level 4. HP: 6/49 MP: 3/3
   125 | D        | Found a glowing silver altar of Zin.
   125 | D        | Found a glowing golden altar of the Shining One.
   125 | D        | Found an ancient bone altar of Kikubaaqudgha.
   125 | D        | Found a basalt altar of Yredelemnul.
   125 | D        | Found a shimmering altar of Xom.
   125 | D        | Found a radiant altar of Vehumet.
   126 | D        | Found an iron altar of Okawaru.
   127 | D        | Found a burning altar of Makhleb.
   128 | D        | Found a deep blue altar of Sif Muna.
   129 | D        | Found a bloodstained altar of Trog.
   130 | D        | Found a sparkling altar of Nemelex Xobeh.
   131 | D        | Found a white marble altar of Elyvilon.
   132 | D        | Found a roughly hewn altar of Beogh.
   158 | D        | Found a viscous altar of Jiyva.
   159 | D        | Found a corrupted altar of Lugonu.
   160 | D        | Found a blossoming altar of Fedhas.
   161 | D        | Found a snail-covered altar of Cheibriados.
   162 | D        | Found a shadowy altar of Dithmenos.
   163 | D        | Found a stormy altar of Qazlal.
   164 | D        | Found an opulent altar of Gozag.
   165 | D        | Found a sacrificial altar of Ru.
   174 | D        | Became a worshipper of Jiyva Jufaubom the Shapeless
   208 | D        | Noticed a centaur
   208 | D        | Noticed a sky beast
   208 | D        | Noticed a water moccasin
   208 | D        | Noticed a hill giant
   208 | D        | Noticed a wight
   208 | D        | Noticed a centaur
   216 | D        | Reached * piety under Jiyva
   221 | D        | Reached ** piety under Jiyva
   221 | D        | Reached *** piety under Jiyva
   221 | D        | Gained mutation: You are partially covered in iridescent scales (AC +4). [Jiyva's grace]
   221 | D        | Reached **** piety under Jiyva
   221 | D        | Lost mutation: You are partially covered in iridescent scales (AC +4). [Jiyva's grace]
   221 | D        | Reached ***** piety under Jiyva
   221 | D        | Gained mutation: You are resistant to electric shocks. [Jiyva's grace]
   231 | D        | Mangled by a hill giant

Vault maps used:
D:        linesprint

Action                   |  1- 3 |  4- 6 || total
-------------------------+-------+-------++-------
Melee: Unarmed           |    56 |       ||    56
       War axe           |       |     6 ||     6
Invok: Request Jelly     |       |     1 ||     1
  Use: Potion            |     2 |       ||     2
